 Dungeon Crawl Stone Soup version 0.30-a0-394-g3e4acdb0ae (webtiles) character file.

Game seed: 2426995716021746962

2830 Ijustatesigmund the Thaumaturge (level 9, 0/39 (48) HPs)
             Began as a Deep Elf Fire Elementalist on Dec 6, 2022.
             Slain by an orc warrior
             ... wielding a +0 flail
              (9 damage)
             ... on level 7 of the Dungeon.
             The game lasted 00:17:26 (8602 turns).

Ijustatesigmund the Thaumaturge (DEFE)              Turns: 8602, Time: 00:17:27

HP:   0/39 (48)     AC:  6    Str:  5    XL:     9   Next: 45%
MP:   20/25         EV: 13    Int: 25    God:
Gold: 367           SH:  0    Dex: 15    Spells: 21/28 levels left

rFire   . . .      SeeInvis .    k - staff of poison
rCold   . . .      Faith    .    (no shield)
rNeg    . . .      Spirit   .    a - +0 robe
rPois   +          Reflect  .    n - +1 helmet
rElec   +          Harm     .    j - +0 cloak
rCorr   .          Rampage  .    (no gloves)
Will    .....                    i - +0 pair of boots
Stlth   ++........               t - amulet of magic regeneration
HPRegen 0.26/turn                (no ring)
MPRegen 0.59/turn                (no ring)

@: heavily drained
A: electricity resistance
a: no special abilities


You were on level 7 of the Dungeon.
You visited 1 branch of the dungeon, and saw 7 of its levels.
You also visited: Sewer.

You collected 367 gold pieces.

Inventory:

Hand Weapons
 c - a +1 dagger
 o - a +1 vorpal sling
Missiles
 z - 2 throwing nets
Armour
 a - a +0 robe (worn)
 i - a +0 pair of boots (worn)
 j - a +0 cloak (worn)
 n - a +1 helmet (worn)
Magical Staves
 k - a staff of poison (weapon)
Jewellery
 t - an amulet of magic regeneration (around neck)
Wands
 p - a wand of roots (6)
 u - a wand of polymorph (10)
Scrolls
 d - a scroll of teleportation {unknown}
 m - 4 scrolls of immolation
 q - 6 scrolls of blinking
 r - 2 scrolls of vulnerability
 v - 2 scrolls of fear
 A - a scroll of summoning
Potions
 b - a potion of magic
 e - a potion of resistance {unknown}
 f - 2 potions of haste {unknown}
 h - a potion of invisibility {unknown}
 l - 3 potions of mutation
 s - a potion of heal wounds {unknown}
 w - a potion of might {unknown}


   Skills:
 + Level 2.2 Fighting
 - Level 2.2 Staves
 + Level 3.2 Dodging
 - Level 2.4 Stealth
 + Level 10.4 Spellcasting
 - Level 4.5 Conjurations
 + Level 6.2 Translocations
 - Level 4.4 Fire Magic
 - Level 3.8 Air Magic
 - Level 4.2 Poison Magic


You had 21 spell levels left.
You knew the following spells:

 Your Spells              Type           Power      Damage    Failure   Level
a - Foxfire               Conj/Fire      100%       2x1d9     1%          1
b - Scorch                Fire           70%        2d8       1%          2
c - Poisonous Vapours     Pois/Air       98%        N/A       1%          2
d - Blink                 Tloc           88%        N/A       1%          2

Your spell library contained the following spells:

 Spells                   Type           Power      Damage    Failure   Level
 Sting                    Tmut/Pois      100%       1d8       1%          1
 Kindle Blastsparks       Fire/Tloc/Air  74%        2d16      1%          3
 Teleport Other           Tloc           44%        N/A       1%          3
 Hailstorm                Conj/Ice       24%        3d7       5%          3
 Inner Flame              Hex/Fire       24%        N/A       5%          3
 Passwall                 Tmut/Erth      10%        N/A       7%          2
 Flame Wave               Conj/Fire      35%        2d10      8%          4
 Olgreb's Toxic Radiance  Pois           50%        N/A       9%          4
 Summon Forest            Summ/Tloc      14%        N/A       36%         5
 Animate Armour           Summ/Erth      26%        N/A       43%         4
 Ice Form                 Ice/Tmut       13%        N/A       43%         4
 Petrify                  Tmut/Erth      13%        N/A       43%         4
 Simulacrum               Ice/Necr       6%         N/A       100%        6
 Lehudib's Crystal Spear  Conj/Erth      12%        10d4      100%        8


Dungeon Overview and Level Annotations

Branches:
Dungeon (7/15)             Temple (0/1) D:6           Sewer (visited)

Altars:
Elyvilon
Nemelex Xobeh
Qazlal
Ru
Wu Jian
Xom

Shops:
D:1 [   D:6 :


Innate Abilities, Weirdness & Mutations

You are resistant to electric shocks. (rElec)


Message History

The orc warrior looks as sick as possible!
Something hits you. Something shocks you. You resist.
Casting: Poisonous Vapours (safe; 1% risk of failure)
Confirm with . or Enter, or press ? or * to list all spells.
Flames lash the orc warrior.
The orc warrior is lightly wounded.
The orc warrior's fire resistance burns away.
You hear a shout!
Something hits you but does no damage. Something hits you but does no damage.
Casting: Scorch (safe; 1% risk of failure)
Confirm with . or Enter, or press ? or * to list all spells.
Flames lash the orc warrior.
The orc warrior is burned terribly!
The orc warrior is severely wounded.
Something hits you. Something shocks you. You resist.
The orc warrior hits you with a +0 flail!
Something hits you but does no damage.
The orc warrior hits you with a +0 flail.
Casting: Scorch (safe; 1% risk of failure)
Confirm with . or Enter, or press ? or * to list all spells.
Flames lash the orc warrior.
The orc warrior is almost dead.
Something hits you but does no damage.
The orc warrior hits you with a +0 flail!
An orc comes into view. It is wielding a +0 mace.
Something hits you but does no damage. The orc warrior closely misses you.
Casting: Scorch (safe; 1% risk of failure)
Confirm with . or Enter, or press ? or * to list all spells.
Flames lash the orc.
You kill the orc!
A sky beast appears from thin air!
Reactivating autopickup.
The sky beast hits you but does no damage.
The orc warrior hits you with a +0 flail.
* * * LOW HITPOINT WARNING * * *
An orc comes into view. It is wielding a +0 short sword.
An orc comes into view. It is wielding a +0 flail.
The sky beast hits you but does no damage.
The orc warrior hits you with a +0 flail!
You die...

#..[.<[#
#....)†#
######)#
##.....######
#.....)#.....
#.....).....>.
#.............
#.............
#...@.........
#...Yo##o.....
##....# ...[..
#...)# ......
.....o ....
#......#
#......#
##..$.##


You could see an orc warrior (very poisoned, combustible), a sky beast and 2
orcs.

Vanquished Creatures
  Menkaure (D:6)
  3 water moccasins (D:6)
  3 black bears
  An ice beast (D:6)
  A sky beast (D:6)
  A phantom (D:5)
  A kobold brigand (D:6)
  8 bullfrogs
  A necrophage (D:4)
  6 scorpions
  3 howler monkeys (D:6)
  5 hounds
  4 jellies
  2 orc priests
  5 iguanas
  3 orc wizards
  3 gnolls (D:5)
  9 adders
  A dart slug (D:4)
  16 orcs
  4 endoplasms
  10 giant cockroaches
  3 goblins
  7 hobgoblins
  8 jackals
  6 kobolds
  6 quokkas
  10 ball pythons
  10 bats
  12 frilled lizards
  5 rats
158 creatures vanquished.

Vanquished Creatures (collateral kills)
  An adder (D:3)
  A ball python (D:3)
2 creatures vanquished.

Vanquished Creatures (others)
  226 foxfires
  A plant (D:6)
227 creatures vanquished.

Grand Total: 387 creatures vanquished

Notes
Turn   | Place    | Note
-------+----------+-------------------------------------------
     0 | D:1      | Ijustatesigmund the Deep Elf Fire Elementalist began the
                  | quest for the Orb.
     0 | D:1      | Reached XP level 1. HP: 10/10 MP: 6/6
   473 | D:1      | Reached XP level 2. HP: 15/15 MP: 5/8
   795 | D:1      | Found Xuwoyholl's Armour Boutique.
   961 | D:1      | You fall into a shaft and drop 1 floor!
   974 | D:2      | Learned a level 2 spell: Scorch
  1645 | D:1      | Reached XP level 3. HP: 19/19 MP: 7/10
  2698 | D:3      | Found a stormy altar of Qazlal.
  2702 | D:3      | Found an ornate altar of the Wu Jian Council.
  2704 | D:3      | Found a sparkling altar of Nemelex Xobeh.
  2742 | D:3      | Reached XP level 4. HP: 24/24 MP: 9/11
  2774 | D:3      | Found a glowing drain.
  2778 | Sewer    | Entered a sewer
  3075 | Sewer    | Reached skill level 4 in Spellcasting
  3416 | Sewer    | Noticed a bullfrog
  3421 | Sewer    | Killed a bullfrog
  3422 | Sewer    | Reached XP level 5. HP: 24/28 MP: 10/13
  3777 | D:3      | Learned a level 2 spell: Poisonous Vapours
  3928 | D:3      | Found a shimmering altar of Xom.
  4171 | D:3      | Reached XP level 6. HP: 22/32 MP: 10/15
  4236 | D:4      | Reached skill level 5 in Spellcasting
  4236 | D:4      | Reached skill level 1 in Poison Magic
  4401 | D:4      | Reached skill level 1 in Air Magic
  5490 | D:5      | Entered Level 5 of the Dungeon
  5532 | D:5      | HP: 1/32 [gnoll/+0 club (1)]
  5700 | D:5      | Reached skill level 6 in Spellcasting
  5700 | D:5      | Reached XP level 7. HP: 36/36 MP: 12/18
  6031 | D:5      | Reached skill level 7 in Spellcasting
  6227 | D:5      | Found a sacrificial altar of Ru.
  6319 | D:5      | Identified a scroll of acquirement
  6319 | D:5      | Acquired the Meditations on Crystalline Shifting
  6326 | D:5      | Learned a level 2 spell: Blink
  6419 | D:5      | Reached XP level 8. HP: 39/41 MP: 15/20
  6538 | D:6      | Reached skill level 1 in Translocations
  6659 | D:6      | Reached skill level 8 in Spellcasting
  6933 | D:6      | Found a staircase to the Ecumenical Temple.
  7089 | D:6      | Reached skill level 9 in Spellcasting
  7340 | D:6      | Reached skill level 5 in Translocations
  7465 | D:6      | Found a white marble altar of Elyvilon.
  7592 | D:6      | Reached XP level 9. HP: 29/46 MP: 20/24
  7672 | D:6      | Noticed Menkaure
  7673 | D:6      | Reached skill level 1 in Staves
  7675 | D:6      | Killed Menkaure
  7676 | D:6      | Reached skill level 1 in Fighting
  7685 | D:6      | Noticed a troll
  7686 | D:6      | Found Qeog's Book Emporium.
  7813 | D:6      | Reached skill level 10 in Spellcasting
  8043 | D:6      | Gained mutation: You are resistant to electric shocks.
                  | (rElec) [potion of mutation]
  8602 | D:7      | Slain by an orc warrior

Illustrated notes

Levels and vault maps discovered:
D:1:      amcnicky_arrival_wind_blow, layout_loops_corners, serial_shops, shop,
          nrook_uturn
D:2:      layout_basic
D:3:      layout_loops_ring, marbit_many_paths, minitemple, gup_sewer_entry_bowl
D:4:      layout_loops_corners
D:5:      layout_basic, kennysheep_mini_moat
D:6:      layout_loops_ring, elyvilon_altar_3, minmay_temple_entry_poolview,
          serial_shops, nicolae_take_the_stairs, serial_bayou_pond_e,
          uniq_menkaure
D:7:      layout_gridville

Skill      XL: |  1  2  3  4  5  6  7  8  9 |
---------------+----------------------------+-----
Conjurations   | 2 3 4 |  4.5
Spellcasting   | 4 6 7 9 10 | 10.4
Fire Magic     | 4 |  4.4
Poison Magic   | 2 4 |  4.2
Air Magic      | 2 3 |  3.8
Translocations | 5 6 |  6.2
Staves         | 2 |  2.2
Fighting       | 2 |  2.2
Dodging        | 3 |  3.2
Stealth        | |  2.4

Action                   |  1- 3 |  4- 6 |  7- 9 || total
-------------------------+-------+-------+-------++-------
Melee: Dagger            |     3 |       |       ||     3
       Staff             |       |       |     5 ||     5
 Cast: Foxfire           |    54 |    52 |    36 ||   142
       Scorch            |     9 |    34 |    96 ||   139
       Poisonous Vapours |       |     5 |    17 ||    22
  Use: Scroll            |     6 |     2 |     3 ||    11
       Potion            |       |       |     3 ||     3
Armor: Robe              |     5 |     7 |    56 ||    68
Dodge: Dodged            |     7 |    18 |   101 ||   126

Table legend: (Time is in decaauts)
 A = Elapsed time spent in this place.
 B = Non-inter-level travel time spent in this place.
 C = Inter-level travel time spent in this place.
 D = Time resting spent in this place.
 E = Time spent auto-exploring this place.
 F = Levels seen in this place.
 G = Mean time per level.
                   A        B        C        D        E       F      G
               +--------+--------+--------+--------+--------+-----+--------+
         Total |   8698 |   8548 |    150 |   2366 |   5035 |   8 | 1087.2 |
       Dungeon |   7712 |   7562 |    150 |   1959 |   4624 |   7 | 1101.7 |
         Sewer |    985 |    985 |      0 |    407 |    410 |   1 |  985.0 |
               +--------+--------+--------+--------+--------+-----+--------+

Top non-repeatable levels by time:
     D:6: 1995 daAuts
     D:1: 1345 daAuts
     D:4: 1268 daAuts
     D:2: 1078 daAuts
     D:5: 1041 daAuts
   Sewer: 985 daAuts
     D:3: 898 daAuts
     D:7: 84 daAuts
